 Dungeon Crawl Stone Soup version 0.23.2-40-g277498a001 (webtiles) character file.

Game seed: 770607814514707135

1294 Nivan the Conjurer (level 8, -3/59 HPs)
             Began as a White Draconian Conjurer on Oct 28, 2019.
             Shot with an arrow by a centaur (5 damage)
             ... on level 5 of the Dungeon.
             The game lasted 00:24:27 (8090 turns).

Nivan the Conjurer (White Draconian Conjurer)       Turns: 8090, Time: 00:24:30

Health: -3/59      AC:  8    Str: 11    XL:     8   Next: 30%
Magic:  11/16      EV: 13    Int: 17    God:
Gold:   257        SH:  0    Dex: 12    Spells: 15/18 levels left

rFire    . . .     SeeInvis .   w - +2 dagger (venom)
rCold    + . .     Gourm    .   (no shield)
rNeg     . . .     Faith    .   (armour unavailable)
rPois    .         Spirit   .   (helmet restricted)
rElec    .         Reflect  .   (no cloak)
rCorr    .         Harm     .   x - +0 pair of gloves (curse)
MR       .....                  u - +0 pair of boots
Stlth    +++.......             (no amulet)
HPRegen  0.19/turn              (no ring)
MPRegen  0.15/turn              (no ring)

@: no status effects
A: breathe frost, unfitting armour, cold resistance 1, cold-blooded, AC +6
a: Breathe Frost


You were on level 5 of the Dungeon.
You were very hungry.

You visited 1 branch of the dungeon, and saw 5 of its levels.

You collected 257 gold pieces.

Inventory:

Hand Weapons
 w - a +2 dagger of venom (weapon)
Armour
 c - a +0 pair of gloves
 u - a +0 pair of boots (worn)
 x - a cursed +0 pair of gloves (worn)
 y - a cursed +0 shield
Wands
 o - a wand of digging (5)
 q - a wand of random effects (11)
Scrolls
 d - 3 scrolls of teleportation
 e - a scroll of immolation {unknown}
 g - 4 scrolls of remove curse
 i - 2 scrolls of identify {unknown}
 j - 2 scrolls of blinking
 k - a scroll of fog {unknown}
 l - a scroll of enchant armour {unknown}
 m - a scroll of enchant weapon {unknown}
 p - 2 scrolls of magic mapping
 r - a scroll of random uselessness {unknown}
 t - 2 scrolls of amnesia {unknown}
Potions
 a - a potion of agility {unknown}
 f - a potion of haste {unknown}
 h - 2 potions of heal wounds {unknown}
 n - 4 potions of curing
 s - a potion of mutation {unknown}
 z - a potion of berserk rage {unknown}
 A - a potion of resistance {unknown}
Comestibles
 b - 9 rations


   Skills:
 + Level 1.6 Fighting
 + Level 3.3 Dodging
 * Level 4.3 Stealth
 + Level 5.6 Spellcasting
 + Level 7.3 Conjurations
 + Level 0.5 Evocations


You had 15 spell levels left.
You knew the following spells:

 Your Spells              Type           Power        Failure   Level  Hunger
a - Magic Dart            Conj           ####         1%          1    None
b - Searing Ray           Conj           ####..       1%          2    #......

Your spell library contained the following spells:

 Spells                   Type           Power        Failure   Level  Hunger
 Iskenderun's Mystic Bla  Conj           ####....     7%          4    ####...
 Conjure Flame            Conj/Fire      ###.....     9%          3    ##.....
 Dazzling Spray           Conj/Hex       ###...       9%          3    ##.....
 Mephitic Cloud           Conj/Pois/Air  ##......     14%         3    ##.....
 Blink                    Tloc           N/A          21%         2    #......
 Call Imp                 Summ           #.......     21%         2    #......
 Slow                     Hex            #.......     21%         2    #......
 Force Lance              Conj/Tloc      ###.....     30%         4    ####...
 Fulminant Prism          Conj/Hex       ###.......   30%         4    ####...


Dungeon Overview and Level Annotations

Branches:
Dungeon (5/15)
 Temple: D:4-7

Altars:
Hepliaklqana
Nemelex Xobeh
Ru
Xom
The Shining One

Annotations:
D:3 1 transporter


Innate Abilities, Weirdness & Mutations

You can breathe waves of freezing cold.
You can buffet flying creatures when you breathe cold.
Your icy white scales are hard. (AC +6)
You cannot fit into any form of body armour.
Your flesh is cold resistant. (rC+)
You are cold-blooded and may be slowed by cold attacks.


Message History

The centaur is moderately wounded. (Press . to maintain the ray.)
The centaur shoots an arrow.
The arrow hits you! The arrow burns you.
Unknown command.
The searing ray hits the centaur.
The centaur is moderately wounded.
The centaur shoots an arrow.
The arrow hits you. The arrow burns you.
The searing ray hits the centaur.
The centaur is severely wounded.
The centaur shoots an arrow.
The arrow hits you.
* * * LOW HITPOINT WARNING * * *
The arrow burns you.
* * * LOW HITPOINT WARNING * * *
The searing ray hits the centaur.
The centaur is almost dead.
You finish channeling your searing ray.
The centaur shoots an arrow.
The arrow hits you!
* * * LOW HITPOINT WARNING * * *
The arrow burns you.
You die...

. #######..#
........ ..##
##...... .......
#............
.......
...##...... .....
##.......#. ...#
#........##
#.#####..#...#####
#.......####.....#
#@..############..
#.#........### ###
#c########...## #.
........#
########..###.
......### #.#.#
##.#... .....#
#^#.# #..... .c...
#####...### ###.#.
.... #...'._.'.#
#.#. ...
#...#...#.# ##...


You could see a centaur.

Vanquished Creatures
  3 ogres
  A big kobold (D:5)
  A scorpion (D:5)
  A howler monkey (D:4)
  4 crimson imps
  A hound (D:5)
  A bullfrog skeleton (D:4)
  A gnoll shaman (D:4)
  6 orc wizards
  Natasha (D:3)
  7 worker ants
  5 adders
  11 gnolls
  A howler monkey skeleton (D:5)
  An adder skeleton (D:5)
  2 worms
  3 dart slugs (D:1)
  2 leopard geckos (D:5)
  19 orcs
  7 giant cockroaches
  6 goblins
  5 hobgoblins
  11 jackals
  30 kobolds
  3 quokkas
  A ball python zombie (D:5)
  6 bats
  3 frilled lizards
  A jackal skeleton (D:4)
  4 rats
  A plant (D:5)
149 creatures vanquished.

Vanquished Creatures (others)
  4 plants (D:5)
4 creatures vanquished.

Grand Total: 153 creatures vanquished

Notes
Turn   | Place    | Note
-------+----------+-------------------------------------------
     0 | D:1      | Nivan the Draconian Conjurer began the quest for the Orb.
     0 | D:1      | Reached XP level 1. HP: 14/14 MP: 3/3
   498 | D:1      | Reached XP level 2. HP: 4/20 MP: 0/5
  1386 | D:1      | Reached XP level 3. HP: 26/26 MP: 3/6
  1936 | D:2      | Found a hazy altar of Hepliaklqana.
  2318 | D:2      | Found a glowing golden altar of the Shining One.
  2378 | D:2      | Reached skill level 5 in Conjurations
  2391 | D:2      | Reached XP level 4. HP: 31/34 MP: 0/7
  3352 | D:3      | Found a sparkling altar of Nemelex Xobeh.
  3352 | D:3      | Found a transporter.
  3439 | D:3      | Noticed Natasha
  3446 | D:3      | Killed Natasha
  3760 | D:3      | Reached XP level 5. HP: 36/39 MP: 1/9
  3820 | D:3      | Reached skill level 1 in Fighting
  4316 | D:4      | Noticed an ogre
  4339 | D:3      | Killed an ogre
  4339 | D:3      | Reached XP level 6. HP: 15/47 MP: 2/11
  5054 | D:4      | Reached skill level 6 in Conjurations
  5369 | D:4      | Your scales start taking on an icy white colour.
  5369 | D:4      | Reached XP level 7. HP: 52/52 MP: 5/13
  5369 | D:4      | Gained mutation: Your flesh is cold resistant. (rC+) [White
                  | Draconian growth]
  6043 | D:4      | Learned a level 2 spell: Searing Ray
  6408 | D:4      | Reached skill level 5 in Spellcasting
  6591 | D:5      | Entered Level 5 of the Dungeon
  7021 | D:5      | Reached skill level 7 in Conjurations
  7021 | D:5      | Reached XP level 8. HP: 59/59 MP: 6/15
  7157 | D:5      | Found a sacrificial altar of Ru.
  7972 | D:5      | Found a shimmering altar of Xom.
  8090 | D:5      | HP: 2/59 [centaur/arrow (13)]
  8090 | D:5      | Shot with an arrow by a centaur

Skill      XL: |  1  2  3  4  5  6  7 |
---------------+----------------------+-----
Dodging        | 2 3 |  3.3
Stealth        | 2 3 4 |  4.3
Conjurations   | 5 6 7 |  7.3
Spellcasting   | 3 4 5 |  5.6
Fighting       | 1 |  1.6
Evocations     | |  0.5

Action                   |  1- 3 |  4- 6 |  7- 9 || total
-------------------------+-------+-------+-------++-------
Melee: Unarmed           |    78 |    68 |     7 ||   153
       Tailslap          |     5 |     7 |     6 ||    18
       Dagger            |       |       |    33 ||    33
 Cast: Magic Dart        |    98 |   170 |   198 ||   466
       Searing Ray       |       |       |     6 ||     6
 Abil: Breathe Frost     |       |       |     1 ||     1
Evoke: Wand              |       |     4 |       ||     4
  Use: Scroll            |       |       |     4 ||     4
       Potion            |       |       |     1 ||     1
  Eat: Chunk             |     6 |    10 |     7 ||    23
Armor: Skin              |    30 |    32 |    23 ||    85
Dodge: Dodged            |    77 |    70 |    77 ||   224
